[Event "42nd Olympiad Baku 2016 Women"]
[Site "Baku"]
[Date "2016.09.02"]
[Round "1.19"]
[White "Myronenko, Natalya"]
[Black "Batsiashvili, Nino"]
[Result "0-1"]
[ECO "C24"]
[WhiteElo "1922"]
[BlackElo "2474"]
[PlyCount "62"]
[EventDate "2016.??.??"]
[EventCountry "AZE"]
[WhiteTeam "Ukraine"]
[BlackTeam "Georgien"]
[WhiteTeamCountry "UKR"]
[BlackTeamCountry "GEO"]
[TimeControl "40/5400+30:1800+30"]
[WhiteClock "0:31:33"]
[BlackClock "0:21:32"]

1. e4 {(00:00} e5 {(00:00} 2. Bc4 {(00:03} Nf6 {
(00:00} 3. d3 {(00:29} Nc6 {(00:05} 4. c3 {(00:
41} Be7 {(00:29} 5. Nf3 {(00:18} O-O {(00:24} 6. O-O {
(02:13} d5 {(01:28} 7. exd5 {(02:15} Nxd5 {(00:
09} 8. Bb3 {(03:58} Bg4 {(05:30} 9. h3 {(06:52} Bh5 {
(00:16} 10. Re1 {(01:18} Kh8 {(05:52} 11. Bc2 {(
00:53} f5 {(07:16} 12. Nbd2 {(04:29} Bf6 {(08:16} 13.
Nf1 {(01:55} a6 {(05:03} 14. Ng3 {(04:32} Bg6 {(
00:06} 15. Qe2 {(03:59} Qd6 {(11:23} 16. Bg5 {(03:47}
Nf4 {(10:31} 17. Qf1 {(02:44} Rad8 {(04:46} 18. Bxf6 {
(00:46} Qxf6 {(00:51} 19. Rad1 {(00:52} Rd6 {(
04:59} 20. Ne2 {(04:45} Bh5 {(02:27} 21. Nxf4 {(01:29}
Bxf3 {(01:23} 22. gxf3 {(04:08} exf4 {(00:06} 23. d4 {
(01:03} Ne7 {(07:17} 24. Re5 {(02:47} Qg5+ {(01:
09} 25. Qg2 {(01:54} Qh5 {(02:24} 26. Kh2 {(02:03} Ng6
{(00:25} 27. Re2 {(09:08} Nh4 {(00:14} 28. Qf1 {
(01:05} Nxf3+ {(00:23} 29. Kh1 {(00:03} Rg6 {(
00:25} 30. Re7 {(03:13} Rg1+ {(00:16} 31. Qxg1 {(00:15]
} Qxh3+ {(00:05} 0-1

[Event "42nd Olympiad Baku 2016 Women"]
[Site "Baku"]
[Date "2016.09.02"]
[Round "1.32"]
[White "Nadirjanova, Nodira"]
[Black "Rojas, Montserrat"]
[Result "1-0"]
[ECO "D10"]
[WhiteElo "2126"]
[BlackElo "1561"]
[PlyCount "63"]
[EventDate "2016.??.??"]
[EventCountry "AZE"]
[WhiteTeam "Usbekistan"]
[BlackTeam "Paraguay"]
[WhiteTeamCountry "UZB"]
[BlackTeamCountry "PAR"]
[TimeControl "40/5400+30:1800+30"]
[WhiteClock "0:29:28"]
[BlackClock "0:05:51"]

1. d4 {(00:00} d5 {(00:00} 2. c4 {(00:28} c6 {(
00:30} 3. cxd5 {(02:43} cxd5 {(00:38} 4. Nc3 {(00:13}
Nc6 {(02:49} 5. Bf4 {(00:15} Nf6 {(02:54} 6. e3 {
(00:55} a6 {(04:53} 7. Bd3 {(01:40} Bg4 {(03:03]
} 8. Nf3 {(19:05} e6 {(05:05} 9. Qb3 {(11:54} Bb4 {
(24:44} 10. Ne5 {(01:42} Qb6 {(07:06} 11. O-O {(
05:19} Ba5 {(06:19} 12. Qxb6 {(04:57} Bxb6 {(00:11}
13. Nxc6 {(01:38} bxc6 {(00:18} 14. Na4 {(00:12} Ba7 {
(06:27} 15. Rfc1 {(03:34} Kd7 {(01:56} 16. f3 {(
03:05} Bf5 {(01:16} 17. Bxa6 {(00:21} Nh5 {(05:44} 18.
Bg5 {(01:53} h6 {(02:12} 19. Bh4 {(00:27} g5 {(
05:23} 20. Bf2 {(00:13} Rab8 {(01:53} 21. g4 {(00:20}
Bxg4 {(00:17} 22. fxg4 {(00:08} Nf6 {(00:02} 23. h3 {
(03:11} Ne4 {(00:23} 24. Bd3 {(04:28} f5 {(01:
19} 25. b3 {(01:53} Rhf8 {(00:17} 26. Bxe4 {(01:39}
dxe4 {(03:00} 27. Nc5+ {(01:31} Bxc5 {(03:31} 28. Rxc5
{(00:26} f4 {(00:21} 29. Re5 {(01:26} fxe3 {(00:
52} 30. Bxe3 {(00:13} Rf3 {(00:54} 31. Rxe4 {(00:13}
Kd6 {(05:22} 32. Kg2 1-0

[Event "42nd Olympiad Baku 2016 Women"]
[Site "Baku"]
[Date "2016.09.02"]
[Round "1.4"]
[White "Nemcova, Katerina"]
[Black "Odinaeva, Saodat"]
[Result "1-0"]
[ECO "C09"]
[WhiteElo "2365"]
[BlackElo "1881"]
[PlyCount "45"]
[EventDate "2016.??.??"]
[EventCountry "AZE"]
[WhiteTeam "Vereinigte Staaten"]
[BlackTeam "Tadschikistan"]
[WhiteTeamCountry "USA"]
[BlackTeamCountry "TJK"]
[TimeControl "40/5400+30:1800+30"]
[WhiteClock "0:44:43"]
[BlackClock "0:11:57"]

1. e4 {(00:00} e6 {(00:00} 2. d4 {(00:00} d5 {(
00:00} 3. Nd2 {(00:06} c5 {(00:24} 4. Ngf3 {(00:23}
Nc6 {(00:27} 5. exd5 {(00:29} exd5 {(01:36} 6. Bb5 {
(00:13} Bd7 {(08:10} 7. O-O {(03:33} c4 {(03:19]
} 8. b3 {(11:04} cxb3 {(09:13} 9. Re1+ {(01:32} Be6 {
(02:12} 10. axb3 {(03:48} Bd6 {(00:36} 11. Ba3 {
(10:12} h6 {(03:40} 12. Rxe6+ {(17:51} fxe6 {(
10:49} 13. Ne5 {(00:21} Nf6 {(11:37} 14. Nxc6 {(01:39}
bxc6 {(02:14} 15. Bxc6+ {(00:07} Ke7 {(00:56} 16. Bxa8
{(00:32} Bxa3 {(10:33} 17. Rxa3 {(00:41} Qxa8 {(
09:28} 18. Qa1 {(00:26} Qc8 {(07:23} 19. Rxa7+ {(00:07]
} Nd7 {(00:05} 20. Qa3+ {(01:09} Kf6 {(03:04} 21. Qd6 {
(01:47} Qxc2 {(03:04} 22. Rxd7 {(00:39} Qxd2 {(
00:13} 23. Qe5+ {(00:08} 1-0

[Event "42nd Olympiad Baku 2016 Women"]
[Site "Baku"]
[Date "2016.09.02"]
[Round "1.21"]
[White "Newrkla, Katharina"]
[Black "Francis, Onkemetse"]
[Result "1/2-1/2"]
[ECO "B01"]
[WhiteElo "2214"]
[BlackElo "1777"]
[PlyCount "81"]
[EventDate "2016.??.??"]
[EventCountry "AZE"]
[WhiteTeam "Österreich"]
[BlackTeam "Botswana"]
[WhiteTeamCountry "AUT"]
[BlackTeamCountry "BOT"]
[TimeControl "40/5400+30:1800+30"]
[WhiteClock "0:13:00"]
[BlackClock "0:37:16"]

1. e4 {(00:00} d5 {(00:00} 2. exd5 {(00:00} Qxd5 {
(00:00} 3. Nc3 {(00:00} Qa5 {(00:04} 4. d4 {(00:
00} Nf6 {(00:07} 5. Bc4 {(00:03} Bg4 {(00:18} 6. Nge2
{(00:57} e6 {(04:47} 7. f3 {(02:47} Bf5 {(00:38]
} 8. O-O {(02:26} Be7 {(02:29} 9. Be3 {(11:21} O-O {
(03:07} 10. Ng3 {(07:30} Bg6 {(00:15} 11. Qe2 {(
00:15} c6 {(00:29} 12. Rad1 {(02:00} Nd5 {(05:58} 13.
Nxd5 {(07:53} cxd5 {(02:39} 14. Bb3 {(00:26} Nc6 {
(02:12} 15. f4 {(04:56} Bf6 {(16:30} 16. c3 {(
07:42} Rfe8 {(03:53} 17. Qd2 {(02:11} Ne7 {(01:52} 18.
a3 {(06:11} Nf5 {(04:42} 19. Nxf5 {(05:52} Bxf5 {
(00:34} 20. Rde1 {(03:30} Qc7 {(13:05} 21. Ba4 {
(06:03} Red8 {(00:38} 22. Bd1 {(02:05} a6 {(00:
58} 23. Bf3 {(01:31} h6 {(13:54} 24. g4 {(01:02} Bh7 {
(00:13} 25. g5 {(01:00} hxg5 {(00:14} 26. fxg5 {
(00:09} Be7 {(00:05} 27. Bh5 {(02:48} Rf8 {(08:
37} 28. Bf4 {(01:30} Bd6 {(01:37} 29. Bxd6 {(03:01}
Qxd6 {(00:07} 30. Qf4 {(00:17} Qxf4 {(00:53} 31. Rxf4 {
(00:06} Bf5 {(01:08} 32. Bg4 {(16:11} Bxg4 {(02:
23} 33. Rxg4 {(00:08} g6 {(00:25} 34. Rf4 {(00:46}
Rac8 {(00:23} 35. Re2 {(00:36} Kg7 {(01:07} 36. Ref2 {
(00:19} b5 {(02:14} 37. Kf1 {(03:18} Rc7 {(01:
15} 38. Ke2 {(00:33} a5 {(01:15} 39. Kd3 {(00:08} Rfc8
{(00:52} 40. Rf1 {(00:00} Rb8 {(00:00} 41. R1f3 {
(19:59} 1/2-1/2

[Event "42nd Olympiad Baku 2016 Women"]
[Site "Baku"]
[Date "2016.09.02"]
[Round "1.23"]
[White "Nguyen, Thi Mai Hung"]
[Black "Mayar ElIdrissi, Firdaous"]
[Result "1-0"]
[ECO "A41"]
[WhiteElo "2316"]
[BlackElo "1786"]
[PlyCount "72"]
[EventDate "2016.??.??"]
[EventCountry "AZE"]
[WhiteTeam "Vietnam"]
[BlackTeam "Marokko"]
[WhiteTeamCountry "VIE"]
[BlackTeamCountry "MAR"]
[TimeControl "40/5400+30:1800+30"]
[WhiteClock "0:00:38"]
[BlackClock "0:00:41"]

1. d4 {(00:00} d6 {(00:27} 2. Nf3 {(00:00} Nf6 {
(00:31} 3. g3 {(00:16} g6 {(00:05} 4. Bg2 {(00:
04} Bg7 {(00:05} 5. O-O {(00:16} O-O {(00:02} 6. a4 {
(00:27} Nbd7 {(03:32} 7. a5 {(01:23} c5 {(01:54]
} 8. Nc3 {(02:33} cxd4 {(03:17} 9. Nxd4 {(05:15} a6 {
(06:53} 10. Nf3 {(18:08} Rb8 {(03:52} 11. h3 {(
03:16} b6 {(03:12} 12. axb6 {(02:16} Nxb6 {(02:03} 13.
Nd4 {(05:12} Bb7 {(23:10} 14. Bxb7 {(05:58} Rxb7 {
(00:01} 15. Rxa6 {(00:40} Qd7 {(03:18} 16. Kh2 {
(02:56} Rc8 {(01:55} 17. e4 {(09:59} Nc4 {(08:
42} 18. b3 {(04:36} Ne5 {(02:24} 19. Bb2 {(01:35} Nc4
{(13:02} 20. Ba1 {(01:38} Nb6 {(01:15} 21. Re1 {
(08:57} Rc5 {(01:57} 22. Kg2 {(04:31} Rb8 {(01:
00} 23. Qd3 {(05:36} Rh5 {(04:03} 24. Rh1 {(05:13} Qb7
{(02:05} 25. f3 {(03:29} Nfd7 {(00:27} 26. Ra2 {
(00:26} Rc5 {(04:12} 27. Bb2 {(04:27} Ne5 {(00:
35} 28. Qd1 {(02:13} Rbc8 {(01:24} 29. Ncb5 {(01:40}
Qd7 {(08:13} 30. Ra7 {(01:15} Qe8 {(00:32} 31. Qe2 {
(00:22} Nc6 {(00:50} 32. Nxc6 {(00:30} Qxc6 {(
00:17} 33. c4 {(00:27} Qxb5 {(00:36} 34. cxb5 {(00:43}
Rc2 {(00:12} 35. Re1 {(00:24} Bxb2 {(00:46} 36. Rxe7 {
(00:41} Bd4 1-0

[Event "42nd Olympiad Baku 2016 Women"]
[Site "Baku"]
[Date "2016.09.02"]
[Round "1.14"]
[White "Nkhoma Desiderata"]
[Black "Alboredo, Julia"]
[Result "0-1"]
[ECO "B50"]
[WhiteElo "1375"]
[BlackElo "2135"]
[PlyCount "114"]
[EventDate "2016.??.??"]
[EventCountry "AZE"]
[WhiteTeam "MAW"]
[BlackTeam "Brasilien"]
[BlackTeamCountry "BRA"]
[TimeControl "40/5400+30:1800+30"]
[WhiteClock "0:17:13"]
[BlackClock "0:37:58"]

1. e4 {(00:00} c5 {(00:00} 2. Nf3 {(00:24} d6 {(
00:00} 3. Bc4 {(03:11} Nf6 {(01:35} 4. d3 {(00:54} g6
{(00:36} 5. O-O {(00:57} Bg7 {(00:36} 6. Nc3 {(
03:10} O-O {(02:28} 7. h3 {(05:53} Nc6 {(00:46} 8. Be3
{(00:23} Na5 {(02:59} 9. Bb3 {(03:29} Bd7 {(12:
19} 10. Nh4 {(03:07} b5 {(01:51} 11. a3 {(02:53} Nxb3
{(01:27} 12. cxb3 {(00:21} a5 {(04:59} 13. Qf3 {
(02:46} Bc6 {(02:23} 14. Bg5 {(05:49} Nd7 {(01:
43} 15. Qe3 {(10:25} Ne5 {(05:33} 16. Ne2 {(02:36} Re8
{(12:26} 17. Rad1 {(02:24} Nd7 {(02:10} 18. Rd2 {
(00:42} Nf8 {(02:33} 19. Bh6 {(01:06} Bh8 {(00:
55} 20. Nf4 {(06:48} e5 {(02:20} 21. Ne2 {(13:42} Ne6
{(08:50} 22. Qg3 {(01:26} Bf6 {(03:38} 23. Nf5 {
(02:51} d5 {(02:54} 24. h4 {(06:02} Kh8 {(02:20]
} 25. Ne3 {(02:27} dxe4 {(01:19} 26. Ng4 {(01:07} exd3
{(03:11} 27. Nxf6 {(01:50} Qxf6 {(01:19} 28. Rxd3 {
(00:26} Nd4 {(01:52} 29. Nxd4 {(01:44} cxd4 {(
01:23} 30. Rfd1 {(02:13} Be4 {(03:12} 31. R3d2 {(01:18]
} Rac8 {(00:23} 32. Bg5 {(00:41} Qf5 {(02:33} 33. Re2 {
(01:12} Bd5 {(01:25} 34. Bh6 {(02:01} Qh5 {(01:
34} 35. Qg5 {(02:04} Qxg5 {(00:13} 36. Bxg5 {(00:12}
Kg7 {(00:27} 37. Kh2 {(01:18} Bxb3 {(00:49} 38. Rde1 {
(00:31} f6 {(01:09} 39. Bd2 {(00:07} Bc4 {(00:
47} 40. Re4 {(00:00} a4 {(00:00} 41. f4 {(05:22} Bd3 {
(04:03} 42. fxe5 Bxe4 43. Rxe4 {(06:18} fxe5 {(00:48}
44. Bb4 {(01:18} Rc2 {(00:39} 45. Bd6 {(01:16} Kf6 {
(00:31} 46. Kg3 {(03:12} Rxb2 {(00:33} 47. Kf3 {
(00:37} Rb3+ {(00:32} 48. Kf2 {(00:46} Kf5 {(01:
04} 49. Re2 {(00:38} e4 {(00:15} 50. Rc2 {(01:56} e3+
{(00:21} 51. Ke1 {(00:58} Rb1+ {(01:02} 52. Ke2 {
(00:28} Ke4 {(00:10} 53. Rd2 {(05:51} exd2 {(00:
23} 54. Kxd2 {(00:12} Rb2+ {(00:16} 55. Kc1 {(00:25}
Rxg2 {(00:09} 56. Bb4 {(00:28} Kd3 {(00:39} 57. Kd1 {
(01:02} Rg1+ {(00:10} 0-1

[Event "42nd Olympiad Baku 2016 Women"]
[Site "Baku"]
[Date "2016.09.02"]
[Round "1.4"]
[White "Nomalungelo, Mathe"]
[Black "Felix Vega, Aurora Edith"]
[Result "0-1"]
[ECO "A46"]
[WhiteElo "1574"]
[BlackElo "2053"]
[PlyCount "65"]
[EventDate "2016.??.??"]
[EventCountry "AZE"]
[WhiteTeam "Simbabwe"]
[BlackTeam "Peru"]
[WhiteTeamCountry "ZIM"]
[BlackTeamCountry "PER"]
[TimeControl "40/5400+30:1800+30"]
[WhiteClock "0:00:40"]
[BlackClock "0:01:50"]

1. d4 {(00:00} Nf6 {(00:00} 2. Nf3 {(00:00} c5 {
(00:58} 3. e3 {(01:28} g6 {(01:18} 4. b3 {(00:
50} Bg7 {(01:56} 5. Bb2 {(00:50} cxd4 {(06:06} 6. exd4
{(01:57} d5 {(00:58} 7. Be2 {(02:19} O-O {(03:
07} 8. O-O {(01:03} Nc6 {(02:23} 9. Re1 {(02:17} Bf5 {
(02:03} 10. Bd3 {(03:01} Bg4 {(15:47} 11. h3 {(
06:48} Bxf3 {(00:46} 12. Qxf3 {(00:45} Qa5 {(01:44}
13. Qd1 {(04:21} Nh5 {(07:05} 14. Bf1 {(06:10} Nxd4 {
(11:41} 15. Bc3 {(06:49} Qb6 {(01:00} 16. Rxe7 {
(07:01} Rac8 {(02:15} 17. Re3 {(08:30} Nxc2 {(
22:46} 18. Qxc2 {(06:55} d4 {(00:06} 19. Rf3 {(02:03}
dxc3 {(00:56} 20. Nxc3 {(14:28} Qa5 21. Rc1 {(01:29}
Rc7 {(05:39} 22. Bc4 {(05:02} Qg5 {(05:19} 23. a4 {
(08:01} Nf4 {(03:43} 24. Rg3 {(02:18} Qh5 {(00:
27} 25. Qe4 {(02:00} Bxc3 {(01:59} 26. Rgxc3 {(01:41}
Qg5 {(01:09} 27. Qf3 {(02:29} a6 {(01:11} 28. Bf1 {
(01:08} Re7 {(00:41} 29. Rc7 {(01:05} Rfe8 {(00:
34} 30. Rxe7 {(01:35} Rxe7 {(00:06} 31. Rc8+ {(00:19}
Kg7 {(00:04} 32. Qg4 {(00:38} Qe5 {(00:23} 33. Qf3 0-1

[Event "42nd Olympiad Baku 2016 Women"]
[Site "Baku"]
[Date "2016.09.02"]
[Round "1.17"]
[White "Nouman, Amna"]
[Black "Houska, Jovanka"]
[Result "0-1"]
[ECO "B10"]
[WhiteElo "1983"]
[BlackElo "2386"]
[PlyCount "56"]
[EventDate "2016.??.??"]
[EventCountry "AZE"]
[WhiteTeam "Vereinigte Arabische Emirate"]
[BlackTeam "England"]
[WhiteTeamCountry "UAE"]
[BlackTeamCountry "ENG"]
[TimeControl "40/5400+30:1800+30"]
[WhiteClock "0:01:41"]
[BlackClock "0:27:24"]

1. e4 {(00:00} c6 {(00:00} 2. Nf3 {(00:01} d5 {(
00:00} 3. Nc3 {(00:15} a6 {(00:27} 4. a4 {(06:04} Bg4
{(01:48} 5. h3 {(02:10} Bh5 {(00:32} 6. d3 {(05:
30} e6 {(01:02} 7. Be2 {(04:44} Nd7 {(03:34} 8. O-O {
(00:53} Bd6 {(01:11} 9. Re1 {(11:44} Ne7 {(01:
02} 10. exd5 {(27:08} cxd5 {(00:21} 11. Ng5 {(02:08}
Bg6 {(06:14} 12. Bg4 {(17:02} O-O {(27:59} 13. Qe2 {
(03:11} e5 {(02:58} 14. h4 {(05:04} Nf6 {(08:42]
} 15. Bf3 {(02:04} h6 {(04:36} 16. Nh3 {(00:27} Rc8 {
(01:42} 17. g3 {(01:28} Qd7 {(02:58} 18. Kg2 {(
01:14} Nf5 {(01:50} 19. Qd1 {(05:34} Nd4 {(01:29} 20.
Bd2 {(01:47} Nxf3 {(00:51} 21. Qxf3 {(01:30} Bh5 {
(00:06} 22. g4 {(00:12} Bxg4 {(00:24} 23. Qg3 {(
00:14} e4 {(05:10} 24. Nf4 {(00:52} Nh5 {(01:13} 25.
Qh2 {(00:25} Bf3+ {(00:13} 26. Kf1 {(00:19} Nxf4 {
(00:07} 27. Bxf4 {(00:14} Bxf4 {(00:05} 28. Qxf4 {
(00:05} Qh3+ {(00:02} 0-1

[Event "42nd Olympiad Baku 2016 Women"]
[Site "Baku"]
[Date "2016.09.02"]
[Round "1.2"]
[White "Omurbekova, Diana"]
[Black "Szczepkowska-Horowska, Karina"]
[Result "0-1"]
[ECO "B27"]
[WhiteElo "1868"]
[BlackElo "2409"]
[PlyCount "78"]
[EventDate "2016.??.??"]
[EventCountry "AZE"]
[WhiteTeam "Kirgistan"]
[BlackTeam "Polen"]
[WhiteTeamCountry "KGZ"]
[BlackTeamCountry "POL"]
[TimeControl "40/5400+30:1800+30"]
[WhiteClock "0:06:43"]
[BlackClock "0:08:08"]

1. e4 {(00:00} c5 {(00:00} 2. Nf3 {(00:28} g6 {(
00:00} 3. c3 {(01:32} Bg7 {(00:20} 4. d4 {(00:27} cxd4
{(02:11} 5. cxd4 {(00:08} d6 {(02:38} 6. Bc4 {(
04:41} Nf6 {(01:12} 7. Nc3 {(00:44} O-O {(01:07} 8.
O-O {(01:03} Nc6 {(03:17} 9. h3 {(02:06} Bd7 {(
12:51} 10. Re1 {(05:41} Na5 {(02:43} 11. Bd3 {(03:37}
Rc8 {(01:58} 12. Qe2 {(02:53} e6 {(12:34} 13. Bf4 {
(03:29} Qb6 {(03:11} 14. Rab1 {(07:04} Nc6 {(06:
23} 15. Bxd6 {(08:04} Nxd4 {(00:37} 16. Nxd4 {(00:11}
Qxd6 {(00:41} 17. Ndb5 {(07:43} Qb6 {(03:59} 18. Na3 {
(09:39} Nh5 {(02:20} 19. Nc4 {(04:23} Qc7 {(05:
50} 20. g3 {(03:27} Nxg3 {(03:26} 21. Qg4 {(03:31} Nh5
{(02:26} 22. e5 {(01:34} Bc6 {(01:06} 23. Nd6 {(
01:55} Rcd8 {(00:42} 24. Bb5 {(06:07} Bxb5 {(03:22}
25. Ncxb5 {(01:15} Qb6 {(00:43} 26. a4 {(04:13} a6 {
(03:35} 27. Nc4 {(02:36} Qc6 {(02:02} 28. Nbd6 {
(00:32} b5 {(00:33} 29. axb5 {(00:14} axb5 {(00:
06} 30. Na3 {(00:34} Rb8 {(04:36} 31. Rbc1 {(01:13}
Qd5 {(01:14} 32. b4 {(02:23} Bh6 {(02:41} 33. Rc5 {
(01:08} Qb3 {(04:23} 34. Naxb5 {(00:31} Bd2 {(
01:38} 35. Re4 {(03:41} Ra8 {(01:05} 36. Nd4 {(03:18}
Ra1+ {(01:00} 37. Kh2 {(00:16} Qb1 {(00:28} 38. Qg2 {
(00:15} Bf4+ {(02:20} 39. Rxf4 {(00:11} Nxf4 {(
00:04} 0-1

[Event "42nd Olympiad Baku 2016 Women"]
[Site "Baku"]
[Date "2016.09.02"]
[Round "1.14"]
[White "Ortiz, Katherine Berenice"]
[Black "Dauletova, Gulmira"]
[Result "1/2-1/2"]
[ECO "B26"]
[WhiteElo "1857"]
[BlackElo "2275"]
[PlyCount "127"]
[EventDate "2016.??.??"]
[EventCountry "AZE"]
[WhiteTeam "Honduras"]
[BlackTeam "Kasachstan"]
[WhiteTeamCountry "HON"]
[BlackTeamCountry "KAZ"]
[TimeControl "40/5400+30:1800+30"]
[WhiteClock "0:21:48"]
[BlackClock "0:10:47"]

1. e4 {(00:00} c5 {(00:09} 2. Nc3 {(00:32} Nc6 {
(00:22} 3. g3 {(00:26} g6 {(00:48} 4. Bg2 {(00:
56} Bg7 {(00:11} 5. d3 {(01:00} d6 {(01:26} 6. Be3 {
(03:32} Rb8 {(05:38} 7. Qd2 {(02:29} b5 {(08:26]
} 8. Nge2 {(06:43} b4 {(03:03} 9. Nd1 {(00:07} Nd4 {
(03:23} 10. h3 {(08:17} Bd7 {(22:10} 11. c3 {(
06:44} bxc3 {(04:36} 12. bxc3 {(11:00} Nxe2 {(00:51}
13. Qxe2 {(03:00} Nf6 {(03:24} 14. O-O {(00:32} O-O {
(05:27} 15. Qd2 {(07:43} Qc8 {(13:14} 16. Kh2 {(
02:44} Qa6 {(00:07} 17. f4 {(05:11} Qa3 {(08:54} 18.
e5 {(07:30} Ne8 {(03:01} 19. d4 {(06:43} Bb5 {(
00:09} 20. Rf2 {(01:42} Nc7 {(00:19} 21. Qb2 {(02:35}
Qa5 {(01:36} 22. Qd2 {(00:56} Rfd8 {(00:24} 23. Qc1 {
(01:06} dxe5 {(03:16} 24. dxe5 {(03:35} Bc4 {(
01:06} 25. Nb2 {(03:51} Be6 {(00:01} 26. c4 {(01:07}
Na6 {(07:31} 27. g4 {(02:18} Nb4 {(01:08} 28. a3 {
(00:40} Nd3 {(00:20} 29. Nxd3 {(00:20} Rxd3 {(
00:01} 30. Be4 {(01:39} Rdd8 {(01:26} 31. Qc2 {(03:45}
Bd7 {(00:29} 32. Rd2 {(01:26} Ba4 {(00:38} 33. Rxd8+ {
(00:11} Rxd8 {(00:01} 34. Qf2 {(00:33} Bb3 {(00:
06} 35. Bg2 {(03:11} Qc7 {(02:58} 36. Rb1 {(01:09}
Bxc4 {(00:23} 37. Bxc5 {(00:40} Rc8 {(00:52} 38. Bxa7 {
(00:22} g5 {(00:31} 39. Bb7 {(01:24} Bd3 {(00:
29} 40. Rb3 {(00:00} Bc2 {(00:00} 41. Rb4 {(05:06} Rf8
{(08:44} 42. Qc5 {(03:49} Qxc5 {(03:33} 43. Bxc5 {
(00:07} gxf4 {(00:33} 44. Bxe7 {(00:14} Re8 {(
00:42} 45. Bd6 {(00:50} Bxe5 {(03:06} 46. Bxe5 {(00:08]
} Rxe5 {(00:03} 47. Rxf4 {(00:27} Ra5 {(00:51} 48. Rf3
{(01:38} h5 {(00:49} 49. Kg3 {(02:01} hxg4 {(00:
20} 50. hxg4 {(00:26} Kg7 {(05:11} 51. Rc3 {(00:50}
Bd1 {(00:27} 52. Bf3 {(03:11} Bxf3 {(01:21} 53. Rxf3 {
(00:05} Kg6 {(00:26} 54. Kh4 {(00:41} Ra4 {(00:
56} 55. Kg3 {(00:15} f6 {(00:31} 56. Rb3 {(00:35} Kg5
{(00:37} 57. Rb5+ {(00:08} Kg6 {(00:02} 58. Rb3 {
(00:05} Rc4 {(00:23} 59. Rf3 {(00:37} Kg5 {(02:
22} 60. Rf5+ {(00:11} Kg6 {(00:02} 61. Rf3 {(00:23}
Ra4 {(00:13} 62. Rb3 {(00:37} Kg5 {(00:32} 63. Rb5+ {
(00:06} Kg6 {(00:05} 64. Rb3 {(00:03} 1/2-1/2

[Event "42nd Olympiad Baku 2016 Women"]
[Site "Baku"]
[Date "2016.09.02"]
[Round "1.4"]
[White "Ouellet, Maili-Jade"]
[Black "Thapa, Shanta"]
[Result "1-0"]
[ECO "D15"]
[WhiteElo "1992"]
[BlackElo "1693"]
[PlyCount "51"]
[EventDate "2016.??.??"]
[EventCountry "AZE"]
[WhiteTeam "Kanada"]
[BlackTeam "Nepal"]
[WhiteTeamCountry "CAN"]
[BlackTeamCountry "NEP"]
[TimeControl "40/5400+30:1800+30"]
[WhiteClock "0:15:09"]
[BlackClock "0:01:03"]

1. d4 {(00:00} d5 {(00:00} 2. c4 {(00:00} c6 {(
00:12} 3. Nf3 {(00:00} Nf6 {(00:33} 4. Nc3 {(00:01}
Bf5 {(01:21} 5. Qb3 {(03:56} Qb6 {(07:08} 6. c5 {
(02:42} Qc7 {(05:02} 7. Bf4 {(02:25} Qc8 {(02:
46} 8. h3 {(02:20} Nbd7 {(03:18} 9. Rc1 {(05:51} e6 {
(07:11} 10. e3 {(03:02} b6 {(10:23} 11. cxb6 {(
19:09} axb6 {(01:45} 12. Nb5 {(02:18} Ra5 {(06:28} 13.
Nc7+ {(03:29} Kd8 {(07:46} 14. Rxc6 {(01:33} Qb7 {
(05:43} 15. Bb5 {(02:13} Nb8 {(06:01} 16. Rc1 {(
03:59} Ne4 {(05:13} 17. Nxe6+ {(22:56} fxe6 {(13:31}
18. Bxb8 {(02:12} Qxb8 {(03:28} 19. Ne5 {(01:24} Qa8 {
(05:25} 20. Nc6+ {(00:26} Ke8 {(03:35} 21. Nxa5+ {
(01:32} Kf7 {(01:23} 22. Nc6 {(00:50} Nd6 {(01:
38} 23. Be2 {(02:18} h6 {(00:32} 24. Qxb6 {(02:14}
Qxa2 {(00:29} 25. O-O {(00:40} g5 {(00:36} 26. Ra1 {
(00:21} 1-0

[Event "42nd Olympiad Baku 2016 Women"]
[Site "Baku"]
[Date "2016.09.02"]
[Round "1.19"]
[White "Ozturk, Kubra"]
[Black "Camp, Imogen A L"]
[Result "1-0"]
[ECO "D37"]
[WhiteElo "2277"]
[BlackElo "1718"]
[PlyCount "81"]
[EventDate "2016.??.??"]
[EventCountry "AZE"]
[WhiteTeam "Türkei"]
[BlackTeam "Wales"]
[WhiteTeamCountry "TUR"]
[BlackTeamCountry "WLS"]
[TimeControl "40/5400+30:1800+30"]
[WhiteClock "0:38:00"]
[BlackClock "0:31:06"]

1. d4 {(00:00} d5 {(00:00} 2. c4 {(00:00} e6 {(
00:00} 3. Nf3 {(00:07} Nf6 {(00:00} 4. Nc3 {(01:27}
Be7 {(00:39} 5. e3 {(00:42} O-O {(01:25} 6. Qc2 {
(04:13} c6 {(02:32} 7. b3 {(02:47} Nbd7 {(05:57]
} 8. Bb2 {(01:28} Re8 {(02:58} 9. Bd3 {(02:07} Nf8 {
(06:34} 10. O-O {(01:07} Bd6 {(12:53} 11. e4 {(
08:06} dxe4 {(02:10} 12. Nxe4 {(00:10} Nxe4 {(00:35}
13. Bxe4 {(00:11} Ng6 {(14:24} 14. Rfe1 {(01:25} Qc7 {
(09:35} 15. Rad1 {(05:55} Bd7 {(07:14} 16. Ne5 {
(07:57} Rad8 {(04:51} 17. c5 {(09:00} Be7 {(05:
40} 18. g3 {(05:02} Kf8 {(10:18} 19. h4 {(09:04} Nxe5
{(03:43} 20. dxe5 {(00:23} Qa5 {(02:29} 21. Bd4 {
(05:08} g6 {(01:52} 22. Rb1 {(04:00} Bc8 {(00:
51} 23. b4 {(03:52} Qc7 {(00:06} 24. Be3 {(02:15} Kg8
{(01:01} 25. Bf4 {(01:16} Rd4 {(00:44} 26. h5 {(
07:24} Kg7 {(00:45} 27. Be3 {(02:36} Rd7 {(00:36} 28.
Kg2 {(01:54} Rh8 {(00:58} 29. h6+ {(00:49} Kf8 {
(00:24} 30. Qc3 {(00:28} Qd8 {(00:48} 31. a4 {(
01:07} Bg5 {(00:41} 32. b5 {(00:51} Bxe3 {(01:00} 33.
Qxe3 {(00:22} Rd4 {(01:04} 34. bxc6 {(01:27} bxc6 {
(00:52} 35. Bxc6 {(01:42} Rd3 {(00:46} 36. Qf4 {
(01:55} Qc7 {(00:43} 37. Bf3 {(00:34} Rc3 {(00:
23} 38. Red1 {(02:05} Rg8 {(00:40} 39. Qd4 {(01:16}
Rxf3 {(00:38} 40. Qd8+ {(00:00} Qxd8 {(00:00} 41. Rxd8+
{(00:18} 1-0